 Dungeon Crawl Stone Soup version 0.27-a0-249-g74f53ef629 (webtiles) character file.

Game seed: 10439743407085606158

100 heikuro the Skirmisher (level 5, -2/42 HPs)
             Began as a Formicid Abyssal Knight on Feb 3, 2021.
             Was a Follower of Lugonu.
             Slain by an orc wizard
             ... wielding a +0 dagger
              (4 damage)
             ... on level 3 of the Dungeon.
             The game lasted 00:04:00 (2196 turns).

heikuro the Skirmisher (Formicid Abyssal Knight)    Turns: 2196, Time: 00:04:01

Health: -2/42      AC:  3    Str: 17    XL:     5   Next: 3%
Magic:  7/7        EV: 11    Int: 12    God:    Lugonu [*.....]
Gold:   36         SH:  0    Dex: 10    Spells: 4/4 levels left

rFire    . . .     SeeInvis +   a - +1 hand axe
rCold    . . .     Faith    .   (no shield)
rNeg     . . .     Spirit   .   b - +0 leather armour
rPois    .         Reflect  .   (helmet unavailable)
rElec    .         Harm     .   (no cloak)
rCorr    .         Rampage  .   (no gloves)
Will     .....                  (no boots)
Stlth    +.........             (no amulet)
HPRegen  0.14/turn              (no ring)
MPRegen  0.10/turn              (no ring)

@: no status effects
A: permanent stasis, dig shafts and tunnels, four strong arms, antennae 3
a: Dig, Shaft Self, Renounce Religion, Depart the Abyss


You were on level 3 of the Dungeon.
You worshipped Lugonu.
Lugonu was aware of your devotion.
You visited 1 branch of the dungeon, and saw 3 of its levels.
You visited the Abyss 1 time.

You collected 36 gold pieces.

Inventory:

Hand Weapons
 a - a +1 hand axe (weapon)
Armour
 b - a +0 leather armour (worn)
Scrolls
 c - 6 scrolls of identify {unknown}
 d - 2 scrolls of teleportation {unknown}
 f - a scroll of amnesia {unknown}
 g - a scroll of fear {unknown}
 h - a scroll of immolation {unknown}
Potions
 e - a potion of attraction {unknown}


   Skills:
 + Level 3.9 Fighting
 * Level 3.3 Axes
 + Level 3.0 Armour
 - Level 1.0 Dodging
 + Level 3.1 Invocations


You had 4 spell levels left.
You didn't know any spells.
Your spell library was empty.

Dungeon Overview and Level Annotations

Branches:
Dungeon (3/15)

Altars:
Yredelemnul


Innate Abilities, Weirdness & Mutations

You cannot be hasted, slowed, berserked, paralysed or teleported.
You can dig through walls and to a lower floor.
Your four strong arms can wield two-handed weapons with a shield.
You have a pair of large antennae on your head. (SInv)


Message History

The orc wizard is moderately wounded.
The orc wizard hits you but does no damage. x2
You hit the orc wizard but do no damage.
The orc wizard is moderately wounded.
The orc wizard casts a spell at you. The magic dart hits you.
* * * LOW HITPOINT WARNING * * *
You hit the orc wizard but do no damage.
The orc wizard is moderately wounded.
The orc wizard barely misses you.
You completely miss the orc wizard.
The orc wizard is moderately wounded.
The orc wizard hits you but does no damage.
You hit the orc wizard.
The orc wizard is moderately wounded.
The orc wizard hits you but does no damage.
You hit the orc wizard but do no damage.
The orc wizard is moderately wounded.
The orc wizard hits you with a +0 dagger.
You die...

...
#...#.(.#
####
#.#...###
#.#####
#.# #.#
#.#
#.#####
#.#...#
#@o...#
###...#
#.## .# #


You could see an orc wizard (invisible).

Vanquished Creatures
  An orc wizard (D:3)
  An adder (D:2)
  A worm (D:2)
  5 dart slugs
  3 leopard geckos (D:2)
  An orc (D:3)
  4 bats
  A giant cockroach (D:2)
  4 goblins (D:1)
  8 hobgoblins
  3 jackals
  5 kobolds
  A quokka (D:2)
  A ball python (D:1)
  4 frilled lizards
  4 rats
  A spectral orc (D:2)
48 creatures vanquished.

Notes
Turn   | Place    | Note
-------+----------+-------------------------------------------
     0 | Abyss:1  | heikuro the Formicid Abyssal Knight began the quest for the
                  | Orb.
     0 | Abyss:1  | Reached XP level 1. HP: 18/18 MP: 2/2
    76 | Abyss:1  | Noticed an orange demon
    77 | D:1      | Escaped the Abyss
   118 | D:1      | Reached skill level 1 in Dodging
   325 | D:1      | Reached XP level 2. HP: 22/24 MP: 3/3
   382 | D:1      | Reached * piety under Lugonu
   572 | D:1      | Reached XP level 3. HP: 29/29 MP: 4/4
  1261 | D:2      | Reached XP level 4. HP: 31/37 MP: 6/6
  2066 | D:2      | Found a basalt altar of Yredelemnul.
  2186 | D:3      | Reached XP level 5. HP: 12/42 MP: 7/7
  2192 | D:3      | HP: 1/42 [orc wizard/magic dart (6)]
  2196 | D:3      | Slain by an orc wizard

Illustrated notes

Levels and vault maps discovered:
D:1:      saegor_arrival_simple_e, layout_loops_ring
D:2:      layout_loops_ring, yredelemnul_forgotten_temple_becter,
          minmay_pentomino_x2
D:3:      layout_loops_cross, chequers_ecumenical_altar_lobes

Skill      XL: |  1  2  3  4 |
---------------+-------------+-----
Dodging        | 1 |  1.0
Axes           | 3 |  3.3
Invocations    | 3 |  3.1
Armour         | 3 |  3.0
Fighting       | |  3.9

Action                   |  1- 3 |  4- 6 || total
-------------------------+-------+-------++-------
Melee: Hand axe          |    82 |    73 ||   155
Invok: Depart the Abyss  |     1 |       ||     1
Armor: Leather armour    |    21 |    28 ||    49
Dodge: Dodged            |    44 |    42 ||    86

Table legend: (Time is in decaauts)
 A = Elapsed time spent in this place.
 B = Non-inter-level travel time spent in this place.
 C = Inter-level travel time spent in this place.
 D = Time resting spent in this place.
 E = Time spent auto-exploring this place.
 F = Levels seen in this place.
 G = Mean time per level.
                   A        B        C        D        E       F      G
               +--------+--------+--------+--------+--------+-----+--------+
         Total |   2221 |   2166 |     55 |    505 |   1010 |   4 |  555.2 |
       Dungeon |   2144 |   2089 |     55 |    505 |   1010 |   3 |  714.7 |
         Abyss |     77 |     77 |      0 |      0 |      0 |   1 |   77.0 |
               +--------+--------+--------+--------+--------+-----+--------+

Top non-repeatable levels by time:
     D:1: 1174 daAuts
     D:2: 925 daAuts
 Abyss:1: 77 daAuts
     D:3: 44 daAuts
